 Dungeon Crawl Stone Soup version 0.30-a0-989-g0d87f670db (webtiles) character file.

Game seed: 2015061596901577926

12772 Newt the Cleaver (level 11, -13/81 HPs)
             Began as a Demonspawn Gladiator on Apr 3, 2023.
             Was an Elder of Makhleb.
             Mangled by a red draconian
             ... wielding a +2 halberd of flaming
              (23 damage)
             ... in a volcano.
             The game lasted 00:11:52 (9510 turns).

Newt the Cleaver (Demonspawn Gladiator)             Turns: 9510, Time: 00:11:53

Health: -13/81     AC: 13    Str: 19    XL:     11   Next: 66%
Magic:  15/15      EV: 13    Int: 10    God:    Makhleb [****..]
Gold:   58         SH:  0    Dex: 18    Spells: 10/10 levels left

rFire   . . .      SeeInvis .    L - +4 battleaxe (freeze)
rCold   + . .      Faith    .    (shield currently unavailable)
rNeg    . . .      Spirit   .    N - +3 leather armour {rC+}
rPois   +          Reflect  +    c - +0 helmet
rElec   .          Rampage  .    (no cloak)
rCorr   .                        (no gloves)
Will    ++...                    B - +0 pair of boots
Stlth   +++                      J - amulet of reflection
HPRegen 0.33/turn                l - ring of poison resistance
MPRegen 0.14/turn                g - ring "Buijun" {Will++ AC+4}

@: confused, ambrosia-drunk
A: claws 2, thin skeletal structure 2, powered by death 3, powered by pain 1
a: Renounce Religion, Minor Destruction, Lesser Servant of Makhleb, Major
Destruction


You were in a volcano.
You worshipped Makhleb.
Makhleb was greatly pleased with you.
You visited 3 branches of the dungeon, and saw 11 of its levels.
You also visited: Bailey and Volcano.

You collected 602 gold pieces.
You spent 544 gold pieces at shops.

Inventory:

Hand Weapons
 a - a +0 rapier of flaming
 k - the +8 halberd of Compassion {vamp, Int+3 Dex+3 SInv Stlth-}
   (You found it on level 8 of the Dungeon)

   Int:       It affects your intelligence (+3).
   Dex:       It affects your dexterity (+3).
   SInv:      It lets you see invisible.
   Stlth:     It makes you less stealthy.
 q - a +2 dagger of electrocution
 x - the +8 war axe "Qesa" {drain, *Slow rPois Dex-4 Stlth+}
   (You found it on level 4 of the Dungeon)

   Dex:       It affects your dexterity (-4).
   rPois:     It protects you from poison.
   *Slow:     It may slow you when you take damage.
   Stlth:     It makes you more stealthy.
 L - a +4 battleaxe of freezing (weapon)
Missiles
 d - 3 throwing nets
 e - 2 javelins
 j - 113 stones
 u - 7 boomerangs (quivered)
 M - 26 poisoned darts
Armour
 b - a +0 leather armour
 c - a +0 helmet (worn)
 B - a +0 pair of boots (worn)
 C - a +2 chain mail of cold resistance
 G - a +3 leather armour of poison resistance
 N - a +3 leather armour of cold resistance (worn)
Jewellery
 g - the ring "Buijun" (right claw) {Will++ AC+4}
   (You acquired it on level 3 of the Dungeon)

   [ring of protection]

   AC:        It affects your AC (+4).
   Will:      It greatly increases your willpower.
 l - a ring of poison resistance (left claw)
 p - a ring of resist corrosion
 v - a ring of protection from fire
 E - a ring of magical power
 J - an amulet of reflection (around neck)
Wands
 m - a wand of charming (11)
 A - a wand of flame (14)
Scrolls
 n - 2 scrolls of teleportation
 s - 3 scrolls of enchant weapon
 t - 2 scrolls of blinking
 D - a scroll of poison
 F - 2 scrolls of fog
 I - a scroll of brand weapon
 O - a scroll of fear
Potions
 f - 5 potions of lignification
 h - 2 potions of curing
 i - a potion of might
 o - 3 potions of attraction
 r - 2 potions of ambrosia
 w - 2 potions of cancellation
 z - 2 potions of berserk rage
 H - 3 potions of invisibility
 P - 2 potions of resistance


   Skills:
 - Level 6.0 Fighting
 - Level 4.0 Short Blades
 - Level 12.0 Axes
 - Level 1.7 Throwing
 - Level 8.0 Armour
 - Level 4.0 Dodging
 + Level 5.6 Invocations
 - Level 6.0 Evocations


You had 10 spell levels left.
You didn't know any spells.
Your spell library contained the following spells:

 Spells                   Type           Power      Damage    Failure   Level
 Slow                     Hex            0%         N/A       41%         1
 Blink                    Tloc           0%         N/A       54%         2
 Cigotuvi's Dreadful Rot  Necr/Pois/Air  0%         N/A       54%         2
 Lesser Beckoning         Tloc           0%         N/A       54%         2
 Momentum Strike          Conj/Tloc      0%         3d8       54%         2
 Confusing Touch          Hex            0%         N/A       78%         3
 Vampiric Draining        Necr           0%         2d6       78%         3
 Dispel Undead            Necr           0%         3d6       99%         4
 Leda's Liquefaction      Hex/Erth       0%         N/A       99%         4
 Summon Ice Beast         Ice/Summ       0%         N/A       99%         4
 Summon Mana Viper        Hex/Summ       0%         N/A       100%        5
 Death Channel            Necr           0%         N/A       100%        6
 Iron Shot                Conj/Erth      0%         9d1       100%        6
 Monstrous Menagerie      Summ           0%         N/A       100%        7
 Shatter                  Erth           0%         3d5*      100%        9


Dungeon Overview and Level Annotations

Branches:
Dungeon (9/15)             Temple (1/1) D:5            Lair (1/5) D:8
 Bailey (visited)         Volcano (1/1)
    Orc: D:9-12

Altars:
Ashenzari
Cheibriados
Dithmenos
Fedhas
Gozag
Hepliaklqana
Kikubaaqudgha
Makhleb
Nemelex Xobeh
Okawaru
Qazlal
Ru
Sif Muna
Trog
Uskayaw
Vehumet
Wu Jian
Xom
Yredelemnul

Shops:
D:6 *   D:7 ?


Innate Abilities, Weirdness & Mutations

You have very sharp fingernails.
You have a moderately thin skeletal structure. (Dex +4, Stealth++)
You regenerate a lot of health from kills.
You sometimes gain a little power by taking damage.


Message History

You hit the red draconian.
The red draconian seems to slow down.
You freeze the red draconian.
The red draconian is lightly wounded.
The red draconian hits you with a +2 halberd of flaming.
The red draconian burns you.
You hit the red draconian but do no damage.
The red draconian is lightly wounded.
The red draconian hits you with a +2 halberd of flaming!
The red draconian burns you.
You slash the red draconian! You freeze the red draconian.
The red draconian is moderately wounded.
You slash the red draconian! You freeze the red draconian.
The red draconian is moderately wounded.
You block the red draconian's attack.
You hit the red draconian. You freeze the red draconian.
The red draconian is moderately wounded.
The red draconian is no longer moving slowly.
The red draconian breathes fire at you. The searing blast hits you!!
* * * LOW HITPOINT WARNING * * *
You closely miss the red draconian.
The red draconian is moderately wounded.
The red draconian barely misses you.
Unknown command.
You are confused.
You feel invigorated.
The red draconian hits you with a +2 halberd of flaming.
* * * LOW HITPOINT WARNING * * *
The red draconian burns you.
* * * LOW HITPOINT WARNING * * *
Unknown command.
Okay, then.
The red draconian hits you with a +2 halberd of flaming!
* * * LOW HITPOINT WARNING * * *
The red draconian burns you.
* * * LOW HITPOINT WARNING * * *
You see here an amethyst potion.
Unknown command.
The red draconian hits you with a +2 halberd of flaming!!
You die...

##§§§§# #.≈≈§§#
##≈≈§≈≈##
!.≈≈≈≈§#
#[.§≈≈≈##
#..∩≈≈≈§#
##d$§≈°°#
#)@!≈≈≈°#
##.§§≈≈## ###
##○≈≈≈≈#
.###..###.##≈≈##
.......#.## ###
§≈≈§....### ###
≈≈≈§≈≈....##
#≈##
§≈≈≈≈≈.....#
##≈≈#
§§≈§≈≈....##
##≈≈§##


You could see a red draconian.

Vanquished Creatures
  4 two-headed ogres (D:9)
  The ghost of bigduke15 the Thaumaturge, a novice DEFE of Vehumet (D:9)
  An orc knight (Bailey)
  A deep elf pyromancer (Bailey)
  Joseph (D:8)
  A queen bee (D:9)
  A troll (D:7)
  A vampire (D:9)
  16 yaks
  A wyvern (D:9)
  A ynoxinul (D:9)
  A steam dragon (D:8)
  Eustachio (D:6)
  3 wargs (D:8)
  2 sky beasts (D:7)
  7 orc warriors (Bailey)
  2 ice beasts
  5 black bears
  2 ogres (D:5)
  3 centaurs
  Blork the orc (D:6)
  6 bullfrogs
  4 kobold brigands
  2 scorpions
  9 wights
  17 killer bees (D:9)
  A howler monkey (D:7)
  2 lava snakes (D:7)
  5 hounds
  A gnoll bouda (D:6)
  4 orc priests
  Crazy Yiuf (D:4)
  5 iguanas
  8 orc wizards
  4 gnolls (D:6)
  4 adders
  A shadow imp (D:5)
  A white imp (D:5)
  An ufetubus (D:5)
  3 worms
  36 orcs
  A ball python (D:4)
  5 bats
  11 endoplasms
  4 giant cockroaches
  11 hobgoblins
  6 jackals
  26 kobolds
  4 quokkas
  7 frilled lizards
  5 goblins
  4 rats
  A spectral orc (D:7)
256 creatures vanquished.

Vanquished Creatures (others)
  An orc wizard (D:3)
  2 plants
3 creatures vanquished.

Grand Total: 259 creatures vanquished

Notes
Turn   | Place    | Note
-------+----------+-------------------------------------------
     0 | D:1      | Newt the Demonspawn Gladiator began the quest for the Orb.
     0 | D:1      | Reached XP level 1. HP: 16/16 MP: 1/1
   291 | D:1      | Found a faded altar of an unknown god.
   297 | D:1      | Gained mutation: You regenerate a little health from kills.
                  | [demonic ancestry]
   297 | D:1      | Reached XP level 2. HP: 23/23 MP: 2/2
   964 | D:2      | Reached XP level 3. HP: 29/29 MP: 3/3
  1184 | D:2      | Found an ornate altar of the Wu Jian Council.
  1473 | D:2      | Gained mutation: You regenerate health from kills. [demonic
                  | ancestry]
  1473 | D:2      | Reached XP level 4. HP: 36/37 MP: 4/4
  1801 | D:3      | Identified a scroll of acquirement
  1801 | D:3      | Acquired the ring "Buijun" {Will++ AC+4}
  2241 | D:3      | Noticed a black bear
  2253 | D:3      | Killed a black bear
  2254 | D:3      | Gained mutation: You regenerate a lot of health from kills.
                  | [demonic ancestry]
  2254 | D:3      | Reached XP level 5. HP: 25/42 MP: 5/5
  2493 | D:4      | Gained mutation: You have a somewhat thin skeletal
                  | structure. (Dex +2, Stealth+) [demonic ancestry]
  2493 | D:4      | Reached XP level 6. HP: 49/49 MP: 6/6
  2497 | D:4      | Identified the +8 war axe "Qesa" {drain, *Slow rPois Dex-4
                  | Stlth+}
  2520 | D:4      | You fall into a shaft and drop 3 floors!
  2532 | D:7      | Reached skill level 1 in Axes
  2535 | D:7      | Noticed a troll
  2540 | D:7      | Killed a troll
  2541 | D:7      | Reached skill level 3 in Axes
  2596 | D:7      | Gained mutation: You have sharp fingernails. [demonic
                  | ancestry]
  2596 | D:7      | Reached XP level 7. HP: 54/55 MP: 7/7
  2603 | D:7      | Found a sparkling altar of Nemelex Xobeh.
  2615 | D:7      | Reached skill level 4 in Axes
  2664 | D:7      | Found Dinuijus's Magic Scroll Shop.
  2670 | D:7      | Bought a scroll of identify for 32 gold pieces
  2670 | D:7      | Bought a scroll of identify for 32 gold pieces
  2670 | D:7      | Bought a scroll of identify for 32 gold pieces
  2900 | D:5      | Entered Level 5 of the Dungeon
  2924 | D:5      | Reached skill level 5 in Axes
  3100 | D:5      | Found a staircase to the Ecumenical Temple.
  3125 | Temple   | Entered the Ecumenical Temple
  3423 | Temple   | Became a worshipper of Makhleb the Destroyer
  3624 | D:5      | Reached skill level 6 in Axes
  3659 | D:5      | Gained mutation: You sometimes gain a little power by
                  | taking damage. [demonic ancestry]
  3659 | D:5      | Reached XP level 8. HP: 58/61 MP: 8/8
  3906 | D:5      | Reached skill level 7 in Axes
  4503 | D:4      | Found a runed translucent door.
  4504 | D:4      | Noticed Crazy Yiuf
  4755 | D:4      | Killed Crazy Yiuf
  4757 | D:4      | Identified the +4 hammer "Zaoklos" {vamp, *Corrode rPois
                  | Will+}
  4814 | D:6      | Noticed Blork the orc
  4820 | D:6      | Killed Blork the orc
  4912 | D:6      | Reached skill level 8 in Axes
  4915 | D:6      | Reached * piety under Makhleb
  4948 | D:6      | Noticed Eustachio
  4955 | D:6      | Killed Eustachio
  4970 | D:6      | Found Goim's General Store.
  4976 | D:6      | Bought a scroll of identify for 28 gold pieces
  5127 | D:6      | Reached skill level 9 in Axes
  5213 | D:6      | Reached skill level 5 in Fighting
  5213 | D:6      | Gained mutation: You have very sharp fingernails. [demonic
                  | ancestry]
  5213 | D:6      | Reached XP level 9. HP: 63/68 MP: 9/9
  5498 | D:7      | Found a basalt altar of Yredelemnul.
  5624 | D:7      | Reached skill level 1 in Armour
  6397 | D:7      | Reached skill level 5 in Armour
  6505 | D:8      | Reached ** piety under Makhleb
  6518 | D:8      | Found a flagged portal.
  6525 | D:8      | Identified the +8 halberd of Compassion {vamp, Int+3 Dex+3
                  | SInv Stlth-}
  6534 | Bailey   | Entered a bailey
  6797 | Bailey   | Noticed an orc knight
  6798 | Bailey   | Reached skill level 10 in Axes
  6831 | Bailey   | Killed an orc knight
  6832 | Bailey   | Reached XP level 10. HP: 46/76 MP: 10/10
  6873 | Bailey   | Found a large runed translucent door.
  6873 | Bailey   | Found a large runed translucent door.
  6874 | Bailey   | Noticed a deep elf pyromancer
  6982 | Bailey   | Killed a deep elf pyromancer
  6983 | Bailey   | Reached skill level 11 in Axes
  7128 | D:8      | Found a staircase to the Lair.
  7165 | D:8      | Reached *** piety under Makhleb
  7304 | D:8      | Noticed Joseph
  7314 | D:8      | Killed Joseph
  7315 | D:8      | Reached skill level 12 in Axes
  7676 | D:8      | Reached skill level 1 in Evocations
  7883 | D:9      | Noticed a two-headed ogre
  7893 | D:9      | Killed a two-headed ogre
  7894 | D:9      | Reached skill level 5 in Evocations
  7987 | D:9      | Found a runed translucent door.
  7987 | D:9      | Noticed bigduke15's ghost (novice DEFE)
  7998 | D:9      | Gained mutation: You have a moderately thin skeletal
                  | structure. (Dex +4, Stealth++) [demonic ancestry]
  7998 | D:9      | Reached XP level 11. HP: 72/81 MP: 11/11
  8138 | D:9      | Found an opulent altar of Gozag.
  8138 | D:9      | Found a stormy altar of Qazlal.
  8140 | D:9      | Found a bloodstained altar of Trog.
  8228 | D:9      | Noticed a two-headed ogre
  8240 | D:9      | Killed a two-headed ogre
  8377 | D:9      | Reached **** piety under Makhleb
  8462 | D:6      | Bought an amulet of reflection for 420 gold pieces
  8611 | D:9      | Found a hide-covered altar of Uskayaw.
  8741 | D:9      | Noticed a two-headed ogre
  8750 | D:9      | Killed a two-headed ogre
  8796 | D:9      | Noticed a two-headed ogre
  8804 | D:9      | Killed a two-headed ogre
  9326 | D:9      | Killed bigduke15's ghost
  9327 | D:9      | Reached skill level 5 in Invocations
  9334 | D:9      | Got the Essays on the Caves
  9446 | Lair:1   | Entered Level 1 of the Lair of Beasts
  9462 | Lair:1   | Found a dark tunnel.
  9472 | Volcano  | Entered a volcano
  9496 | Volcano  | Noticed a red draconian
  9510 | Volcano  | Mangled by a red draconian

Illustrated notes

Levels and vault maps discovered:
D:1:      doesnt_arrival_eight_statues, layout_loops_corners,
          hellmonk_ecumenical_altar_lost_god, item_on_display_a
D:2:      layout_rooms, basic_altar, guppyfry_early_orc_mine
D:3:      layout_basic, corexii_corridor_pit, minmay_randomly_rotated_circles
D:4:      layout_cave_pools, uniq_crazy_yiuf_cottage
D:5:      layout_loops_ring, temple_fountains
D:6:      layout_basic, serial_shops, shop, uniq_eustachio, uniq_blork_the_orc
D:7:      layout_loops_cross, yredelemnul_forgotten_temple_becter,
          mainiacjoe_overflow_surrounded_room, serial_shops, nicolae_shop_trees,
          kennysheep_generic_room_4
D:8:      layout_basic, erik_lair_orcish_takeover, enter_bailey_2, uniq_joseph
D:9:      layout_roguey, minitemple, nicolae_uskayaw_dance_studio,
          hellmonk_ghost_big_iron, minmay_misc_feat_plants,
          hangedman_abyss_or_decor_clamps, nrook_loot_triangle, minivault_7
Temple:   minmay_temple_bridge_d
Lair:1:   layout_loops_ring, enter_volcano_2, basic_altar, serial_bayou_shore_a,
          infiniplex_staircase_pool_2
Volcano:  volcano_pools

Skill      XL: |  1  2  3  4  5  6  7  8  9 10 11 |
---------------+----------------------------------+-----
Fighting       | 3 4 5 6 |  6.0
Short Blades   | 3 4 |  4.0
Dodging        | 3 4 |  4.0
Axes           | 3 6 9 10 12 | 12.0
Armour         | 5 8 |  8.0
Evocations     | 5 6 |  6.0
Invocations    | 5 |  5.6
Throwing       | |  1.7

Action                     |  1- 3 |  4- 6 |  7- 9 | 10-12 || total
---------------------------+-------+-------+-------+-------++-------
  Melee: Rapier            |   116 |   125 |       |       ||   241
         Dagger            |       |     6 |       |       ||     6
         War axe           |       |    10 |   205 |   242 ||   457
         Punch             |       |       |     4 |     1 ||     5
         Halberd           |       |       |       |     8 ||     8
         Battleaxe         |       |       |       |     6 ||     6
  Throw: Javelin           |     1 |       |       |       ||     1
         Boomerang         |       |     3 |       |       ||     3
         Throwing net      |       |     1 |     1 |       ||     2
         Dart              |       |       |       |     5 ||     5
    Use: Scroll            |     1 |     7 |    12 |     4 ||    24
         Potion            |       |       |     6 |     2 ||     8
   Stab: Sleeping          |       |     1 |     9 |     5 ||    15
         Distracted        |       |     1 |     4 |     1 ||     6
         Invisible         |       |       |     3 |     1 ||     4
 Armour: Leather armour    |    33 |    62 |    88 |    74 ||   257
  Dodge: Dodged            |    77 |   124 |   158 |   160 ||   519
  Block: Other             |       |       |       |    13 ||    13

Table legend: (Time is in decaauts)
 A = Elapsed time spent in this place.
 B = Non-inter-level travel time spent in this place.
 C = Inter-level travel time spent in this place.
 D = Time resting spent in this place.
 E = Time spent auto-exploring this place.
 F = Levels seen in this place.
 G = Mean time per level.
                   A        B        C        D        E       F      G
               +--------+--------+--------+--------+--------+-----+--------+
         Total |   9561 |   8841 |    720 |   1215 |   5963 |  13 |  735.5 |
       Dungeon |   8611 |   8039 |    572 |   1004 |   5588 |   9 |  956.8 |
        Temple |    371 |    223 |    148 |      0 |    213 |   1 |  371.0 |
          Lair |     29 |     29 |      0 |      0 |      0 |   1 |   29.0 |
        Bailey |    510 |    510 |      0 |    211 |    140 |   1 |  510.0 |
       Volcano |     37 |     37 |      0 |      0 |     22 |   1 |   37.0 |
               +--------+--------+--------+--------+--------+-----+--------+

Top non-repeatable levels by time:
     D:9: 1429 daAuts
     D:7: 1389 daAuts
     D:5: 988 daAuts
     D:8: 965 daAuts
     D:1: 927 daAuts
     D:2: 863 daAuts
     D:6: 742 daAuts
     D:4: 662 daAuts
     D:3: 640 daAuts
  Bailey: 510 daAuts
  Temple: 371 daAuts
 Volcano: 37 daAuts
  Lair:1: 29 daAuts
